 Dungeon Crawl Stone Soup version 0.25.0-11-g1f837a7 (webtiles) character file.

Game seed: 502624192933892642

2223 M3T4L the Cleaver (level 9, -1/71 HPs)
             Began as a Minotaur Berserker on June 24, 2020.
             Was an Elder of Trog.
             Splashed by an oklob plant's acid (11 damage)
             ... on level 7 of the Dungeon on June 25, 2020.
             The game lasted 01:54:33 (6522 turns).

M3T4L the Cleaver (Minotaur Berserker)              Turns: 6522, Time: 01:54:33

Health: -1/71      AC: -2    Str: 25    XL:     9   Next: 13%
Magic:  8/8        EV:  8    Int:  2    God:    Trog [****..]
Gold:   481        SH:  8    Dex: 14    Spells: 8/8 levels left

rFire    . . .     SeeInvis .   w - +0 war axe
rCold    . . .     Gourm    .   o - +0 buckler
rNeg     . . .     Faith    .   i - +1 chain mail
rPois    .         Spirit   .   (helmet restricted)
rElec    .         Reflect  +   (no cloak)
rCorr    .         Harm     .   (no gloves)
MR       .....     Clarity  +   (no boots)
Stlth    ..........             b - amulet of reflection
HPRegen  0.21/turn              h - +6 ring of dexterity
MPRegen  0.11/turn              t - ring of stealth

@: corroded
A: retaliatory headbutt, horns 2, talons 1, clarity, clumsy 1, dopey 1,
evolution 1, MP-powered wands
a: Berserk, Trog's Hand, Brothers in Arms, Renounce Religion


You were on level 7 of the Dungeon.
You worshipped Trog.
Trog was greatly pleased with you.
You were completely stuffed.

You visited 2 branches of the dungeon, and saw 8 of its levels.

You collected 481 gold pieces.

Inventory:

Hand Weapons
 w - a +0 war axe (weapon)
Missiles
 e - 6 boomerangs (quivered)
 v - 33 sling bullets
Armour
 i - a +1 chain mail (worn)
 o - a +0 buckler (worn)
Jewellery
 b - an amulet of reflection (around neck)
 d - an uncursed ring of ice
 h - a +6 ring of dexterity (left hand)
 m - a cursed ring of positive energy
 t - a ring of stealth (right hand)
Scrolls
 g - a scroll of fear
 k - 3 scrolls of remove curse
 l - 2 scrolls of teleportation
 q - 2 scrolls of magic mapping
 u - a scroll of enchant armour
Potions
 f - a potion of might {unknown}
 n - a potion of lignification
 p - 4 potions of curing
 r - a potion of mutation
 s - a potion of flight
 x - a potion of berserk rage
 z - 2 potions of stabbing {unknown}
Comestibles
 c - 6 rations


   Skills:
 - Level 3.6 Fighting
 + Level 14.2 Axes
 - Level 2.4 Armour
 - Level 2.2 Dodging


You had 8 spell levels left.
You didn't know any spells.
Your spell library was empty.

Dungeon Overview and Level Annotations

Branches:
Dungeon (7/15)             Temple (1/1) D:5

Altars:
Ashenzari
Dithmenos
Elyvilon
Fedhas
Gozag
Kikubaaqudgha
Makhleb
Nemelex Xobeh
Okawaru
Qazlal
Sif Muna
Trog
Uskayaw
Vehumet
Xom
Yredelemnul
Zin
The Shining One

Shops:
D:6 :*}

Annotations:
D:7 exclusion: oklob plant


Innate Abilities, Weirdness & Mutations

You reflexively headbutt those who attack you in melee.
You have a pair of horns on your head.
You have sharp toenails.
You possess an exceptional clarity of mind.
You are clumsy. (Dex -2)
You are dopey. (Int -2)
You evolve.
You expend magic power (3 MP) to strengthen your wands.


Message History

Press: ? - help, Shift-Dir - straight line, f/p - oklob plant
Aim: an oklob plant You throw a boomerang.
The boomerang hits the oklob plant but does no damage.
The oklob plant spits acid at you.
The splash of acid reflects off an invisible shield around you!
The splash of acid hits the oklob plant.
The oklob plant completely resists.
Throwing (i - inventory)
e - 6 boomerangs (quivered)
Press: ? - help, Shift-Dir - straight line, f/p - oklob plant
Aim: an oklob plant You throw a boomerang.
The boomerang hits the oklob plant but does no damage.
The oklob plant spits acid at you. The splash of acid hits you.
The acid corrodes you!
You are splashed with acid!
The oklob plant spits acid at you. The splash of acid hits you!
* * * LOW HITPOINT WARNING * * *
The acid corrodes you!
You are splashed with acid!
You die...

#.PP♣P..≈≈≈≈≈..PP♣PPP#
..PP♣..≈≈≈≈≈≈≈..###PP#
P♣PP..≈≈≈≈≈≈≈≈≈..#PPP#
P.♣P.≈≈≈≈≈≈≈≈≈≈≈.PP.##
PP#P.≈≈≈≈...≈≈≈≈..♣PP#
PPPP.≈≈≈≈._.≈≈≈≈.PP#♣#
P♣PP.≈≈≈≈...≈≈≈≈.P♣#.#
♣P#..≈≈≈≈≈.≈≈≈≈≈.PP♣P#
PPPP..≈≈≈≈.≈≈≈≈.@..P♣#
PP.#P..≈≈≈.≈≈≈..#..PP#
PP♣PP...≈≈.≈≈..P...PP#
PPP..P........PPP...P#


PP♣#.PPPP...PPPPPP...# PP♣PPPPPP....PP%...PP# P.PPPPPPP...#PP#P.PP♣#
#P.♣P.♣P#P..PPP.PPPPP ##################### You could see an oklob plant.

Vanquished Creatures
  A hungry ghost (D:7)
  A sky beast (D:6)
  An ice beast (D:5)
  4 ogres
  2 necrophages (D:7)
  2 centaurs (D:6)
  2 bullfrogs
  A scorpion (D:5)
  3 crimson imps
  2 bullfrog zombies (D:7)
  A centaur zombie (D:7)
  5 hounds
  5 orc wizards
  4 orc priests
  2 iguanas
  9 worker ants
  A hound zombie (D:4)
  A hound skeleton (D:4)
  A worker ant zombie (D:7)
  7 adders
  An ooze (D:5)
  2 worms (D:3)
  2 dart slugs
  6 leopard geckos
  19 orcs
  A giant cockroach (D:1)
  9 goblins
  4 hobgoblins
  4 jackals (D:1)
  3 quokkas
  2 ball pythons
  7 bats
  6 frilled lizards
  A giant cockroach zombie (D:6)
  A jackal skeleton (D:5)
  5 kobolds
  A leopard gecko skeleton (D:4)
  A quokka skeleton (D:4)
  A quokka zombie (D:6)
  5 rats
  5 fungi (D:7)
  12 plants (D:7)
153 creatures vanquished.

Notes
Turn   | Place    | Note
-------+----------+-------------------------------------------
     0 | D:1      | M3T4L the Minotaur Berserker began the quest for the Orb.
     0 | D:1      | Reached XP level 1. HP: 19/19 MP: 0/0
   104 | D:1      | Reached skill level 4 in Axes
   229 | D:1      | Reached XP level 2. HP: 22/27 MP: 1/1
   982 | D:2      | Reached skill level 5 in Axes
  1030 | D:2      | Reached XP level 3. HP: 31/33 MP: 2/2
  1057 | D:2      | Reached ** piety under Trog
  1176 | D:2      | Gained mutation: Your flesh is heat resistant. (rF+)
                  | [potion of mutation]
  1176 | D:2      | Gained mutation: You have sharp toenails. [potion of
                  | mutation]
  1177 | D:2      | Lost mutation: Your flesh is heat resistant. (rF+) [potion
                  | of mutation]
  1177 | D:2      | Gained mutation: You are dopey. (Int -2) [potion of
                  | mutation]
  1177 | D:2      | Gained mutation: You evolve. [potion of mutation]
  1177 | D:2      | Gained mutation: You rapidly evolve. [potion of mutation]
  1177 | D:2      | HP: 2/49 [poisoned by an adder]
  1335 | D:2      | Gained mutation: You possess an exceptional clarity of
                  | mind. [evolution]
  1953 | D:3      | Reached XP level 4. HP: 40/40 MP: 3/3
  1956 | D:3      | Reached skill level 6 in Axes
  2035 | D:3      | Gained mutation: You expend magic power (3 MP) to
                  | strengthen your wands. [evolution]
  2485 | D:4      | Reached XP level 5. HP: 44/46 MP: 4/4
  2489 | D:4      | Reached skill level 7 in Axes
  2499 | D:4      | Noticed an ogre
  2506 | D:4      | Killed an ogre
  2506 | D:4      | Reached skill level 8 in Axes
  2577 | D:4      | Gained mutation: You are clumsy. (Dex -2) [evolution]
  2577 | D:4      | Lost mutation: You rapidly evolve. [decline of evolution]
  2622 | D:4      | Reached XP level 6. HP: 52/52 MP: 5/5
  2783 | D:4      | Found a shadowy altar of Dithmenos.
  3020 | D:5      | Entered Level 5 of the Dungeon
  3046 | D:5      | Found a staircase to the Ecumenical Temple.
  3062 | Temple   | Entered the Ecumenical Temple
  3180 | D:5      | Noticed an ice beast
  3190 | D:5      | Killed an ice beast
  3190 | D:5      | Reached skill level 9 in Axes
  3275 | D:5      | Reached *** piety under Trog
  3275 | D:5      | Reached XP level 7. HP: 55/58 MP: 6/6
  3497 | D:5      | Reached skill level 10 in Axes
  4076 | D:5      | Reached skill level 11 in Axes
  4340 | D:6      | Reached XP level 8. HP: 66/66 MP: 7/7
  4489 | D:6      | Found Oralos's General Store.
  4532 | D:6      | Found a glowing golden altar of the Shining One.
  4532 | D:6      | Found a glowing silver altar of Zin.
  4532 | D:6      | Found a white marble altar of Elyvilon.
  4550 | D:6      | Found Jeijamet's Gadget Shoppe.
  4556 | D:6      | Reached skill level 12 in Axes
  5006 | D:6      | Found an iron altar of Okawaru.
  5146 | D:6      | Found a burning altar of Makhleb.
  5325 | D:6      | Reached **** piety under Trog
  5412 | D:6      | Found Laiboceg's Book Shoppe.
  5568 | D:7      | Reached skill level 13 in Axes
  5592 | D:7      | Reached XP level 9. HP: 28/71 MP: 8/8
  5890 | D:7      | Upgraded the game from 0.25.0-10-g039870e to
                  | 0.25.0-11-g1f837a7
  5894 | D:7      | Found a blossoming altar of Fedhas.
  5906 | D:7      | Noticed an oklob plant
  5984 | D:7      | Found a glowing golden altar of the Shining One.
  6141 | D:7      | Reached skill level 14 in Axes
  6522 | D:7      | Splashed by an oklob plant's acid

Illustrated notes

Levels and vault maps discovered:
D:1:      beargit_arrival_greenhouse, layout_basic,
          hangedman_decor_clover_reticule
D:2:      layout_rooms
D:3:      layout_loops_ring
D:4:      layout_basic, kennysheep_mini_moat, nrook_mini_backslash
D:5:      layout_layer_cave, temple_pool_b, first_ration, roderic_roman_lattice
D:6:      layout_cave_pods, good_gods_mini_temple, kennysheep_little_box,
          makhleb_grotto_becter, serial_shops, shop, shop, shop
D:7:      layout_cave_pools, serial_park, serial_park_square3
          [serial_park_minivault_5x5_3], serial_park_gazebo
          [serial_park_minivault_5x5_4], serial_park_square1
          [serial_park_minivault_5x5_1], tgw_fedhas
Temple:   eino_temple_scatter_basement

Skill      XL: |  1  2  3  4  5  6  7  8  9 |
---------------+----------------------------+-----
Axes           | 4 5 6 8 9 11 13 14 | 14.2
Fighting       | |  3.6
Armour         | |  2.4
Dodging        | |  2.2

Action                   |  1- 3 |  4- 6 |  7- 9 || total
-------------------------+-------+-------+-------++-------
Melee: Hand axe          |    87 |    61 |    20 ||   168
       Headbutt          |    10 |    15 |    46 ||    71
       Kick              |     4 |    26 |    86 ||   116
       War axe           |       |       |   168 ||   168
Throw: Boomerang         |     1 |    49 |    66 ||   116
Invok: Berserk           |     1 |     2 |     1 ||     4
       Trog's Hand       |       |       |     3 ||     3
  Use: Scroll            |     9 |     4 |     7 ||    20
       Potion            |     5 |     1 |       ||     6
  Eat: Ration            |     4 |     3 |     6 ||    13
Armor: Chain mail        |    45 |    13 |    39 ||    97
Dodge: Dodged            |    49 |    22 |    31 ||   102
Block: Other             |     1 |     4 |       ||     5
       Reflection        |       |     1 |     1 ||     2
       Buckler           |       |    12 |    44 ||    56
